 Dungeon Crawl Stone Soup version 0.23-a0-629-gae4348f6cf (webtiles) character file.

491309 Napalmbreeze the Earth Mage (level 22, -9/192 HPs)
             Began as a Demigod Earth Elementalist on Dec 23, 2018.
             Mangled by an acid blob (30 damage)
             ... created by the Royal Jelly
             ... on level 5 of the Pits of Slime on Dec 25, 2018.
             The game lasted 07:54:13 (96261 turns).

Napalmbreeze the Earth Mage (DgEE)                 Turns: 96261, Time: 07:54:14

Health: -9/192     AC:  3    Str: 11    XL:     22   Next: 54%
Magic:  25/47      EV: 23    Int: 37    God:
Gold:   3998       SH: 14    Dex: 21    Spells: 6/51 levels left

rFire    + + +     SeeInvis +   M - +6 war axe of the Lamprey {chop, rElec Dex+5 Stlth+}
rCold    . . .     Gourm    .   X - +2 buckler {rPois}
rNeg     + . .     Faith    .   U - +2 robe {rF+}
rPois    +         Spirit   .   c - +2 helmet of Enkoqodd {SInv}
rElec    +         Reflect  +   y - +2 cloak {MR+}
rCorr    .         Harm     .   V - +2 pair of gloves
MR       ++++.                  R - +0 pair of boots "Asyhir" {rF+ Int+4}
Stlth    +++.......             Y - +6 amulet of reflection
HPRegen  0.42/turn              m - ring of Keciwaif {rElec rPois Int+3 Slay+4}
MPRegen  0.30/turn              F - ring of Mutaucwar {rPois rF+ rN+ MR+ Int-3}

@: about to teleport, corroded, hasted, very quick
A: high mp 1
}: 3/15 runes: decaying, silver, gossamer
a: no special abilities


You were on level 5 of the Pits of Slime.
You were not hungry.

You visited 9 branches of the dungeon, and saw 49 of its levels.
You also visited: Trove and Ossuary.

You collected 8574 gold pieces.
You spent 4576 gold pieces at shops.

Inventory:

Hand Weapons
 M - the +6 war axe of the Lamprey (weapon) {chop, rElec Dex+5 Stlth+}
   (You found it on level 5 of the Dungeon)

   It inflicts extra damage upon your enemies.
   It affects your dexterity (+5).
   It insulates you from electricity.
   It makes you more stealthy.
Missiles
 b - 630 stones (quivered)
Armour
 c - the +2 helmet of Enkoqodd (worn) {SInv}
   (You found it on level 5 of the Depths)

   It lets you see invisible.
 y - a +2 cloak of magic resistance (worn)
 R - the +0 pair of boots "Asyhir" (worn) {rF+ Int+4}
   (You bought it in a shop on level 3 of the Elven Halls)

   It affects your intelligence (+4).
   It protects you from fire.
 U - a +2 robe of fire resistance (worn)
 V - a +2 pair of gloves (worn)
 X - a +2 buckler of poison resistance (worn)
Magical Staves
 B - an uncursed staff of conjuration
Jewellery
 j - an uncursed ring of protection from fire
 m - the ring of Keciwaif (left hand) {rElec rPois Int+3 Slay+4}
   (You found it in a treasure trove)

   [ring of poison resistance]

   It affects your intelligence (+3).
   It affects your accuracy and damage with ranged weapons and melee attacks
   (+4).
   It insulates you from electricity.
   It protects you from poison.
 A - an uncursed ring of protection from magic
 F - the ring of Mutaucwar (right hand) {rPois rF+ rN+ MR+ Int-3}
   (You found it in a treasure trove)

   [ring of protection from magic]

   It affects your intelligence (-3).
   It protects you from fire.
   It protects you from poison.
   It protects you from negative energy.
   It affects your resistance to hostile enchantments.
 S - an uncursed ring of protection from cold
 Y - a +6 amulet of reflection (around neck)
Wands
 l - a wand of iceblast (24)
 D - a wand of digging (6)
 E - a wand of scattershot (1)
 J - a wand of clouds (1)
 O - a wand of disintegration (9)
 Z - a wand of acid (12)
Scrolls
 a - 24 scrolls of remove curse
 f - 3 scrolls of enchant weapon
 i - 4 scrolls of fear
 k - 4 scrolls of amnesia
 n - a scroll of brand weapon
 u - 11 scrolls of enchant armour
 v - 8 scrolls of teleportation
 w - a scroll of torment
 x - 2 scrolls of holy word
 C - 6 scrolls of fog
 T - 9 scrolls of identify
 W - a scroll of magic mapping
Potions
 e - 8 potions of lignification
 h - 12 potions of curing
 o - a potion of agility
 p - 8 potions of might
 q - 4 potions of flight
 t - 4 potions of resistance
 z - 3 potions of cancellation
 I - 6 potions of haste
 L - 2 potions of magic
 N - 6 potions of brilliance
 Q - a potion of mutation
Miscellaneous
 r - a sack of spiders
 s - a lamp of fire (inert)
Comestibles
 d - 29 rations


   Skills:
 - Level 15.0 Fighting
 - Level 4.8 Axes
 - Level 5.0 Armour
 - Level 12.0 Dodging
 - Level 1.7 Stealth
 - Level 4.5 Shields
 - Level 15.0 Spellcasting
 - Level 14.0 Conjurations
 - Level 14.0 Summonings
 - Level 4.5 Necromancy
   Level 0.8 Transmutations
 - Level 6.0 Ice Magic
 - Level 5.0 Air Magic
 + Level 17.5 Earth Magic
 - Level 10.4 Evocations


You had 6 spell levels left.
You knew the following spells:

 Your Spells              Type           Power        Failure   Level  Hunger
a - Sandblast             Erth           ######       0%          1    None
c - Summon Lightning Spi  Summ/Air       #######.     1%          4    None
e - Lee's Rapid Deconstr  Erth           ########..   1%          5    None
f - Iron Shot             Conj/Erth      #######...   1%          6    None
q - Summon Mana Viper     Hex/Summ       ######..     1%          5    None
r - Orb of Destruction    Conj           #######...   3%          7    ####...
t - Spellforged Servitor  Conj/Summ      #######...   3%          7    ####...
w - Freezing Cloud        Conj/Ice/Air   ######....   6%          6    None
x - Animate Dead          Necr           N/A          1%          4    None

Your spell library contained the following spells:

 Spells                   Type           Power        Failure   Level  Hunger
 Magic Dart               Conj           ####         0%          1    None
 Summon Butterflies       Summ           #######.     0%          1    None
 Call Imp                 Summ           #######.     0%          2    None
 Searing Ray              Conj           ######       0%          2    None
 Call Canine Familiar     Summ           #######.     0%          3    None
 Stone Arrow              Conj/Erth      ######       0%          3    None
 Animate Skeleton         Necr           N/A          1%          1    None
 Confusing Touch          Hex            ####..       1%          1    None
 Corona                   Hex            ####...      1%          1    None
 Flame Tongue             Conj/Fire      #####        1%          1    None
 Freeze                   Ice            ####         1%          1    None
 Infusion                 Chrm           ####         1%          1    None
 Pain                     Necr           ####         1%          1    None
 Shock                    Conj/Air       ####         1%          1    None
 Blink                    Tloc           N/A          1%          2    None
 Ensorcelled Hibernation  Hex/Ice        ######       1%          2    None
 Passwall                 Tmut/Erth      #######.     1%          2    None
 Poisonous Vapours        Pois/Air       #####.       1%          2    None
 Shroud of Golubria       Chrm/Tloc      ####......   1%          2    None
 Slow                     Hex            ####....     1%          2    None
 Song of Slaying          Chrm           ####....     1%          2    None
 Sublimation of Blood     Necr           ######....   1%          2    None
 Throw Flame              Conj/Fire      ######       1%          2    None
 Throw Frost              Conj/Ice       ######       1%          2    None
 Conjure Flame            Conj/Fire      ######..     1%          3    None
 Dazzling Spray           Conj/Hex       ######       1%          3    None
 Mephitic Cloud           Conj/Pois/Air  ######..     1%          3    None
 Ozocubu's Armour         Chrm/Ice       ######..     1%          3    None
 Regeneration             Chrm/Necr      #####.....   1%          3    None
 Static Discharge         Conj/Air       #######.     1%          3    None
 Vampiric Draining        Necr           ######....   1%          3    None
 Force Lance              Conj/Tloc      ######..     1%          4    None
 Fulminant Prism          Conj/Hex       ######....   1%          4    None
 Iskenderun's Mystic Bla  Conj           #######.     1%          4    None
 Leda's Liquefaction      Hex/Erth       #######...   1%          4    None
 Petrify                  Tmut/Erth      #######.     1%          4    None
 Summon Ice Beast         Ice/Summ       #######.     1%          4    None
 Throw Icicle             Conj/Ice       #######.     1%          4    None
 Aura of Abjuration       Summ           #######...   1%          5    None
 Bolt of Draining         Conj/Necr      #######...   1%          5    None
 Bolt of Magma            Conj/Fire/Erth #######...   1%          5    None
 Irradiate                Conj/Tmut      ######....   1%          5    None
 Iskenderun's Battlesphe  Conj/Chrm      ######..     1%          5    None
 Lightning Bolt           Conj/Air       #######...   1%          5    None
 Summon Demon             Summ           #######...   1%          5    None
 Venom Bolt               Conj/Pois      ######....   1%          5    None
 Confuse                  Hex            ####....     3%          3    None
 Gell's Gravitas          Tloc           ####......   3%          3    None
 Ignite Poison            Fire/Tmut/Pois ####....     3%          3    None
 Spectral Weapon          Hex/Chrm       ####....     3%          3    None
 Tukima's Dance           Hex            ####....     3%          3    None
 Ice Form                 Ice/Tmut       ######..     3%          4    None
 Conjure Ball Lightning   Conj/Air       #######...   4%          6    None
 Statue Form              Tmut/Erth      #######..    4%          6    None
 Metabolic Englaciation   Hex/Ice        ######....   11%         5    None
 Silence                  Hex/Air        #####.....   13%         5    None
 Alistair's Intoxication  Tmut/Pois      ####....     30%         5    None
 Yara's Violent Unravell  Hex/Tmut       ####......   30%         5    None
 Death Channel            Necr           ######....   30%         6    None
 Deflect Missiles         Chrm/Air       #####.....   56%         6    None
 Hydra Form               Tmut           ####......   80%         6    None
 Summon Hydra             Summ           #######...   3%          7    ####...
 Shatter                  Erth           ########..   69%         9    #######
 Dragon Form              Tmut           ####......   100%        7    ####...
 Ring of Flames           Chrm/Fire      ####......   100%        7    ####...
 Ignition                 Fire           ####......   100%        8    #####..
 Tornado                  Air            ######....   100%        9    #######


Dungeon Overview and Level Annotations

Branches:
Dungeon (15/15)            Temple (0/1) D:6            Lair (6/6) D:9
  Swamp (4/4) Lair:4       Spider (4/4) Lair:2        Slime (5/5) Lair:6
    Orc (2/2) D:10            Elf (3/3) Orc:2        Vaults (5/5) D:14
  Crypt (0/3) Vaults:3     Depths (5/5) D:15            Zot (0/5) Depths:5

Shops:
D:6 }   D:8 (   Orc:2 !*:%   Elf:1 }=   Elf:3 ([   Vaults:2 ?   Vaults:4 !
Vaults:5 :   Depths:3 [

Portals:
Hell: Depths:1 Depths:2 Depths:3 Depths:4 Depths:5
Abyss: Depths:4
Pandemonium: Depths:3 Depths:5
Ziggurat: Depths:2

Annotations:
Slime:5 Royal Jelly
Orc:1 2 transporters, Gizeek's ghost, adept DsFi


Innate Abilities, Weirdness & Mutations

You have an increased reservoir of magic. (+10% MP)


Message History

Your spellforged servitor resists.
Your spellforged servitor is severely damaged.
You hear a sizzling sound!
The acid blob is engulfed in blazing flames.
The acid blob spits acid at you. The splash of acid misses you.
Unknown command.
You feel yourself speed up.
Your spellforged servitor hums quietly as it recharges.
The azure jelly is engulfed in blazing flames.
You block the azure jelly's attack. The azure jelly hits you.
The azure jelly freezes you!!
* * * LOW HITPOINT WARNING * * *
The azure jelly completely misses you. The azure jelly hits you.
* * * LOW HITPOINT WARNING * * *
The azure jelly closely misses you. The azure jelly misses you.
The azure jelly hits you.
* * * LOW HITPOINT WARNING * * *
You block the azure jelly's attack. The acid blob hits you!!
You die...

#..................###[( ##J#$
##...................## #.J##
##...................####.###
#....#................#....##.
#..##...........§.............
####............§§§§§.........
####.........§§§§§.........
#.......§§.§§§§.........
#.#...J@JJ..............
####..JJJ...............
###.JJ..8§...........
##.................
#..................
###................
##...............
##..............
###...##.#.....


You could see the Royal Jelly (inner flame), 2 acid blobs, 4 azure jellies, a
death ooze (inner flame) and a friendly spellforged servitor.

Vanquished Creatures
  Frederick (Vaults:3)
  Boris (Vaults:3)
  the Lernaean hydra (Swamp:4)
  2 golden dragons
  2 liches (Depths:4)
  A tentacled monstrosity (Depths:5)
  The ghost of Wopn the Imperceptible, an adept SpEn of Dithmenos (Depths:5)
  2 titans (Vaults:5)
  A deep elf blademaster (Elf:3)
  18 acid blobs
  4 sphinxes
  2 shadow dragons
  Agnes (Elf:2)
  A storm dragon (Depths:5)
  3 tengu reavers
  19 azure jellies
  4 fire giants
  3 frost giants
  3 deep elf sorcerers
  7 vault wardens
  3 iron dragons (Vaults:5)
  4 ghost moths
  A draconian annihilator (Depths:5)
  A spriggan defender (Depths:5)
  A very ugly thing (Depths:4)
  3 deep elf elementalists
  4 stone giants
  5 ironheart preservers
  An entropy weaver (Spider:2)
  A war gargoyle (Vaults:5)
  2 deep elf demonologists (Elf:3)
  2 black draconians (Depths:5)
  5 deep elf annihilators
  8 ettins
  Nessos (D:13)
  2 spark wasps
  16 death oozes
  Josephine (D:10)
  3 deep elf death magi
  9 great orbs of eyes
  5 yaktaur captains
  16 vault guards
  2 spriggan air magi (Depths:4)
  4 hydras
  5 rakshasas
  A shambling mangrove (Swamp:1)
  A hydra (shapeshifter) (Vaults:5)
  Harold (D:7)
  4 centaur warriors
  13 two-headed ogres
  6 alligators
  A tengu warrior (Depths:1)
  14 dancing weapons
  A death knight (Vaults:5)
  2 deep troll earth magi
  7 ogre magi
  An orc high priest (Orc:2)
  Sonja (Lair:4)
  3 spriggan berserkers
  A sun demon (Depths:1)
  13 deep elf knights
  2 hell knights (Vaults:3)
  A soul eater (Depths:1)
  2 iron trolls
  A salamander mystic (Depths:4)
  56 slime creatures
  11 skeletal warriors
  2 spriggan druids
  14 deep trolls
  2 swamp dragons
  2 glowing orange brains (shapeshifter)
  An unseen horror (D:15)
  2 wizards
  A flayed ghost (Depths:4)
  3 glowing orange brains
  An obsidian statue (Depths:1)
  6 ironbrand convokers
  8 orc knights
  9 deep elf archers
  5 phantasmal warriors
  32 deep elf magi
  A wolf spider zombie (D:14)
  3 orb spiders
  4 necromancers
  8 ugly things
  An oklob plant (Lair:6)
  A faun (shapeshifter) (Vaults:1)
  4 orc sorcerers
  12 wolf spiders
  6 shining eyes
  A shining eye (shapeshifter) (Depths:4)
  A wolf spider (shapeshifter) (Depths:4)
  3 elephants
  A manticore (D:12)
  A salamander (Depths:4)
  3 cyclopes
  An eye of devastation (Slime:5)
  A gargoyle (D:10)
  An eye of devastation (shapeshifter) (D:13)
  3 vault sentinels
  9 spiny frogs
  A large abomination (Elf:1)
  A kobold demonologist (D:15)
  A rime drake (Lair:1)
  A spiny frog (shapeshifter) (Vaults:5)
  2 freezing wraiths
  A komodo dragon (shapeshifter) (Vaults:4)
  10 yaktaurs
  A tengu conjurer (D:14)
  5 demonic crawlers
  A redback zombie (D:15)
  14 jumping spiders
  9 trolls
  5 tyrant leeches
  A polar bear (Lair:5)
  A tengu simulacrum (Depths:4)
  A queen bee (shapeshifter) (Vaults:1)
  A raiju (shapeshifter) (Depths:3)
  A wind drake (shapeshifter) (Vaults:3)
  12 hornets
  10 blink frogs
  5 hippogriffs
  A dream sheep (Lair:6)
  2 bog bodies (Swamp:4)
  An air elemental (Elf:1)
  2 vampires
  8 spriggans
  2 wyverns
  31 redbacks
  4 wraiths (D:10)
  24 yaks
  3 shadows
  7 tarantellas
  5 water elementals
  A golden eye (shapeshifter) (Vaults:5)
  11 golden eyes
  A fire elemental (Elf:1)
  A human (D:10)
  Eustachio (D:4)
  7 vampire mosquitoes
  3 hogs (D:10)
  3 hungry ghosts
  A steam dragon (D:8)
  2 wargs
  A yaktaur simulacrum (Vaults:1)
  2 insubstantial wisps (Swamp:2)
  2 swamp worms (Swamp:4)
  A soldier ant (shapeshifter) (Vaults:4)
  A water moccasin (Lair:2)
  Duvessa (D:4)
  5 porcupines
  5 swamp drakes
  2 floating eyes (Depths:5)
  An ogre skeleton (Vaults:1)
  3 ice beasts
  26 orc warriors
  4 sky beasts
  A black bear (D:8)
  A phantom (D:5)
  2 hornet zombies
  An elephant zombie (Lair:5)
  2 eyes of draining
  A tengu (shapeshifter) (Depths:5)
  22 ogres
  15 boggarts
  14 wolves
  15 centaurs
  2 elf zombies (Elf:1)
  7 crocodiles
  A big kobold (D:9)
  A komodo dragon zombie (Lair:5)
  18 bullfrogs
  An earth elemental (Elf:3)
  A human zombie (Vaults:1)
  Dowan (D:4)
  3 scorpions
  7 killer bees
  4 wights
  5 electric eels
  7 howler monkeys
  12 crimson imps
  4 centaur zombies
  4 bullfrog zombies
  3 hounds
  A jelly (D:5)
  9 centaur skeletons
  2 bullfrog skeletons (D:5)
  14 orc priests
  4 iguanas
  An iron imp (Depths:1)
  20 orc wizards
  5 worker ants
  3 killer bee zombies (Ossuary)
  3 hound zombies (Ossuary)
  A hound skeleton (D:6)
  14 mummies
  A howler monkey zombie (D:6)
  4 worker ant zombies
  7 gnolls
  15 adders
  5 shadow imps
  A white imp (Depths:1)
  5 adder zombies (Ossuary)
  A worm (D:4)
  A dart slug (D:3)
  4 leopard geckos
  70 orcs
  11 bats
  4 giant cockroaches
  6 goblins
  7 hobgoblins
  4 jackals (D:2)
  15 kobolds
  4 quokkas
  2 ball pythons
  4 frilled lizards
  A giant cockroach zombie (Ossuary)
  A hobgoblin zombie (D:5)
  3 jackal zombies (Ossuary)
  A kobold zombie (D:5)
  3 quokka zombies
  5 rats
  A briar patch (Swamp:3)
  A crawling corpse (Vaults:5)
  A fungus (Lair:6)
  A withered plant (Ossuary)
1158 creatures vanquished.

Vanquished Creatures (collateral kills)
  Mara (Vaults:3)
  Margery (Vaults:3)
  A caustic shrike (Depths:5)
  3 golden dragons
  Arachne (Spider:2)
  A lich (Vaults:5)
  5 tentacled monstrosities
  3 titans (Vaults:5)
  Asterion (Spider:3)
  A deep elf blademaster (Elf:2)
  2 deep elf master archers (Elf:3)
  2 quicksilver dragons (Depths:4)
  13 acid blobs
  5 sphinxes
  A tengu reaver (Vaults:4)
  2 thorn hunters
  A shadow dragon (shapeshifter) (Vaults:5)
  2 storm dragons
  A draconian monk (Depths:5)
  4 shadow dragons
  12 azure jellies
  4 fire giants
  3 frost giants
  2 deep elf sorcerers
  7 vault wardens
  Louise (Spider:1)
  4 emperor scorpions
  A spriggan defender (Depths:5)
  6 deep elf elementalists
  14 ironheart preservers
  4 very ugly things
  16 stone giants
  A vampire knight (Depths:3)
  2 entropy weavers
  A red draconian (Depths:5)
  7 deep elf annihilators (Elf:3)
  A deep elf demonologist (Elf:3)
  A spark wasp (Spider:4)
  6 ettins
  9 death oozes
  2 merfolk impalers (Depths:2)
  4 deep elf death magi
  7 fire dragons
  6 deep elf high priests
  8 great orbs of eyes
  Erolcha (D:13)
  The ghost of Zaazir the Geomancer, a journeyman GrEE of Vehumet (D:13)
  6 rakshasas
  13 yaktaur captains
  18 hydras
  6 ice dragons
  A shambling mangrove (Swamp:3)
  3 ghost crabs
  2 spriggan air magi
  25 vault guards
  A hell beast (Depths:1)
  3 death knights
  7 centaur warriors
  11 deep troll shamans
  7 alligators
  7 deep troll earth magi
  47 two-headed ogres
  8 tengu warriors
  12 ogre magi
  8 dancing weapons (Elf:2)
  2 spriggan berserkers (Depths:3)
  3 orc high priests (Orc:2)
  A soul eater (Depths:1)
  17 deep elf knights
  A titan zombie (Depths:4)
  A sun demon (Depths:1)
  3 iron trolls (Depths:5)
  7 hell knights
  A flayed ghost (Depths:3)
  A spriggan druid (Swamp:3)
  A swamp dragon (shapeshifter) (Vaults:2)
  4 wizards
  3 phantasmal warriors (Vaults:5)
  10 deep elf archers
  15 orc knights
  2 necromancers
  28 deep trolls
  25 deep elf magi
  10 ironbrand convokers
  27 ugly things
  An orc sorcerer (Orc:2)
  An iron dragon zombie (Depths:4)
  21 wolf spiders
  7 swamp dragons (Swamp:4)
  4 shining eyes
  2 cyclopes
  3 orb spiders (Spider:4)
  A moth of wrath (Spider:2)
  2 oklob plants (Lair:6)
  2 salamanders (Depths:4)
  Maurice (D:13)
  8 elephants
  A centaur zombie (D:12)
  A black mamba (shapeshifter) (Elf:3)
  A black mamba (Lair:6)
  12 vault sentinels
  10 spiny frogs
  A storm dragon simulacrum (Depths:4)
  34 yaktaurs
  A rime drake (shapeshifter) (Vaults:5)
  An efreet (D:15)
  4 freezing wraiths
  A demonic crawler (Spider:3)
  A tengu conjurer (Depths:5)
  A red devil (Depths:1)
  5 komodo dragons
  3 ice devils (Depths:1)
  4 polar bears (Lair:6)
  4 trolls
  19 jumping spiders
  A shadow dragon simulacrum (Vaults:3)
  12 hornets
  8 blink frogs
  9 tyrant leeches
  15 bog bodies
  4 hippogriffs
  70 slime creatures
  A hippogriff (shapeshifter) (Vaults:5)
  6 dream sheep (Lair:5)
  An ettin zombie (Vaults:1)
  A dream sheep (shapeshifter) (Elf:3)
  2 wraiths (Vaults:3)
  45 redbacks
  13 spriggans
  4 water elementals
  12 yaks
  10 tarantellas
  A golden eye (shapeshifter) (Vaults:2)
  A wyvern (D:11)
  6 golden eyes
  A human (shapeshifter) (Vaults:3)
  A hungry ghost (D:13)
  13 vampire mosquitoes
  6 wargs
  An elf skeleton (Depths:4)
  11 swamp worms
  A soldier ant (shapeshifter) (Depths:1)
  2 acid dragons
  An insubstantial wisp (Swamp:2)
  7 water moccasins
  A floating eye (Depths:3)
  24 orc warriors
  A porcupine (Lair:3)
  2 elephant zombies (Lair:5)
  13 swamp drakes
  5 black bears
  6 eyes of draining
  29 ogres
  8 wolves (Lair:6)
  6 centaurs
  A crocodile (shapeshifter) (Vaults:5)
  A crocodile (D:15)
  A big kobold (D:11)
  An elf zombie (Elf:1)
  A human zombie (Vaults:1)
  6 bullfrogs
  A hornet simulacrum (D:14)
  7 killer bees
  An electric eel (Lair:5)
  2 wights (D:12)
  8 crimson imps
  A quasit (D:15)
  2 jellies (D:13)
  A jelly (shapeshifter) (Vaults:2)
  12 orc priests
  A gnoll shaman (Orc:1)
  2 hounds
  6 orc wizards
  2 iron imps (Depths:1)
  3 worker ants
  A crocodile zombie (Lair:5)
  6 gnolls
  A white imp (Depths:1)
  28 orcs
  A quokka (D:12)
  7 kobolds (D:11)
  A crawling corpse (Vaults:5)
  4 fungi
  A plant (Lair:5)
1157 creatures vanquished.

Vanquished Creatures (others)
  Dissolution (Slime:4)
  A yaktaur captain (Vaults:2)
  A deep elf high priest (Elf:3)
  A two-headed ogre (Vaults:4)
  3 deep elf knights
  A wizard (Vaults:2)
  An ugly thing (Depths:1)
  2 yaktaurs
  A slime creature (Slime:5)
  2 vampire mosquitoes (D:15)
  An ogre (Vaults:3)
  A centaur (D:13)
  An orc priest (D:14)
  An orc wizard (D:13)
  25 fungi
  21 plants
  A withered plant (Ossuary)
65 creatures vanquished.

Grand Total: 2380 creatures vanquished

Notes
Turn   | Place    | Note
-------+----------+-------------------------------------------
     0 | D:1      | Napalmbreeze the Demigod Earth Elementalist began the quest
                  | for the Orb.
     0 | D:1      | Reached XP level 1. HP: 14/14 MP: 5/5
   114 | D:1      | Reached skill level 3 in Earth Magic
   249 | D:1      | Reached XP level 2. HP: 20/20 MP: 5/7
  1113 | D:2      | Reached XP level 3. HP: 26/26 MP: 8/8
  1118 | D:2      | Reached skill level 4 in Earth Magic
  1307 | D:2      | Learned a level 3 spell: Stone Arrow
  1449 | D:2      | Reached XP level 4. HP: 33/33 MP: 10/10
  1942 | D:3      | Found a deep blue altar of Sif Muna.
  2847 | D:4      | Noticed Duvessa
  2847 | D:4      | Noticed Dowan
  2921 | D:4      | Reached XP level 5. HP: 38/38 MP: 12/12
  2928 | D:4      | Reached skill level 1 in Conjurations
  3011 | D:4      | Reached skill level 5 in Earth Magic
  3093 | D:4      | Reached XP level 6. HP: 42/45 MP: 14/14
  3167 | D:4      | Noticed Eustachio
  3190 | D:4      | Killed Eustachio
  3346 | D:5      | Entered Level 5 of the Dungeon
  3433 | D:5      | Reached XP level 7. HP: 43/50 MP: 16/16
  3592 | D:5      | Found a sand-covered staircase.
  3598 | Ossuary  | Entered an ossuary
  3653 | Ossuary  | Reached skill level 5 in Spellcasting
  3897 | Ossuary  | Reached skill level 1 in Fighting
  4338 | D:5      | Reached XP level 8. HP: 62/62 MP: 19/19
  4341 | D:5      | Found a blossoming altar of Fedhas.
  4519 | D:5      | Got a smoking war axe
  4520 | D:5      | Identified the +6 war axe of the Lamprey {chop, rElec Dex+5
                  | Stlth+} (You found it on level 5 of the Dungeon)
  4951 | D:6      | Found Kualepn's Gadget Boutique.
  5007 | D:6      | Found an ancient bone altar of Kikubaaqudgha.
  5249 | D:6      | Found a staircase to the Ecumenical Temple.
  5369 | D:6      | Reached skill level 5 in Dodging
  5727 | D:7      | Reached skill level 5 in Fighting
  5989 | D:7      | Noticed a hippogriff
  5996 | D:7      | Killed a hippogriff
  5996 | D:7      | Reached XP level 9. HP: 73/74 MP: 14/20
  6103 | D:7      | Reached skill level 6 in Earth Magic
  6104 | D:7      | Found a hazy altar of Hepliaklqana.
  6387 | D:7      | Found a shattered altar of Ashenzari.
  6404 | D:7      | Found a glowing golden altar of the Shining One.
  6418 | D:7      | Found a burning altar of Makhleb.
  6428 | D:7      | Found a basalt altar of Yredelemnul.
  6688 | D:8      | Found a sacrificial altar of Ru.
  6688 | D:8      | Noticed Harold
  6696 | D:7      | Killed Harold
  6696 | D:7      | Reached skill level 7 in Earth Magic
  6809 | D:8      | Noticed a two-headed ogre
  6885 | D:8      | Killed a two-headed ogre
  6885 | D:8      | Reached skill level 8 in Earth Magic
  6983 | D:8      | Noticed a two-headed ogre
  7134 | D:8      | Found a shimmering altar of Xom.
  7134 | D:8      | Found a shimmering altar of Xom.
  7134 | D:8      | Found a shimmering altar of Xom.
  7211 | D:8      | Found Raocamm's Antique Weapon Shop.
  7533 | D:8      | Learned a level 5 spell: Lee's Rapid Deconstruction
  7544 | D:8      | Reached XP level 10. HP: 81/81 MP: 24/24
  7873 | D:8      | Killed a two-headed ogre
  8068 | D:8      | Found a shimmering altar of Xom.
  8125 | D:8      | Noticed an orb spider
  8128 | D:8      | Noticed a salamander
  8128 | D:8      | an orb spider changed into a salamander
  8701 | D:4      | Killed Dowan
  8707 | D:4      | Killed Duvessa
  9034 | D:9      | Noticed a two-headed ogre
  9051 | D:9      | Killed a two-headed ogre
  9053 | D:9      | Noticed a skeletal warrior
  9232 | D:9      | Found a staircase to the Lair.
  9291 | D:9      | Noticed a skeletal warrior
  9303 | D:9      | Killed a skeletal warrior
  9312 | D:9      | Noticed a skeletal warrior
  9316 | D:9      | Killed a skeletal warrior
  9669 | D:9      | Killed a skeletal warrior
 10169 | D:9      | Learned a level 4 spell: Summon Ice Beast
 10170 | D:10     | Entered Level 10 of the Dungeon
 10177 | D:10     | Reached XP level 11. HP: 76/92 MP: 27/29
 10258 | D:10     | Reached skill level 10 in Spellcasting
 10316 | D:10     | Noticed Josephine
 10334 | D:10     | Killed Josephine
 11116 | D:10     | Found a staircase to the Orcish Mines.
 11805 | Lair:1   | Entered Level 1 of the Lair of Beasts
 11863 | D:9      | Reached skill level 5 in Summonings
 11863 | D:9      | Reached skill level 5 in Ice Magic
 13057 | Lair:2   | Reached skill level 1 in Evocations
 13242 | Lair:2   | Reached XP level 12. HP: 100/100 MP: 25/30
 13425 | Lair:2   | Found a hole to the Spider Nest.
 14217 | Lair:3   | Reached skill level 5 in Evocations
 14277 | Lair:3   | Noticed a seven-headed hydra
 14285 | Lair:3   | Killed a seven-headed hydra
 14327 | Lair:3   | Noticed a seven-headed hydra
 14336 | Lair:3   | Killed a seven-headed hydra
 15111 | Lair:4   | Noticed Sonja
 15134 | Lair:4   | Killed Sonja
 15321 | Lair:4   | Found a staircase to the Swamp.
 15927 | Lair:5   | Reached skill level 1 in Shields
 16864 | Lair:6   | Entered Level 6 of the Lair of Beasts
 17284 | Lair:6   | Found a staircase to the Slime Pits.
 18105 | Lair:6   | Noticed a five-headed hydra
 18116 | Lair:6   | Killed a five-headed hydra
 18735 | Lair:6   | Noticed a six-headed hydra
 18741 | Lair:6   | Killed a six-headed hydra
 18741 | Lair:6   | Reached XP level 13. HP: 97/107 MP: 23/31
 22131 | D:12     | You fall through a shaft!
 22176 | D:13     | Noticed Erolcha
 22229 | D:13     | Noticed Maurice
 22236 | D:13     | Killed Maurice
 22347 | D:13     | Killed Erolcha
 22988 | D:12     | Reached skill level 10 in Fighting
 23449 | D:13     | Noticed Nessos
 23455 | D:13     | Killed Nessos
 23833 | D:13     | Found a runed door.
 23835 | D:13     | Noticed Zaazir's ghost (journeyman GrEE)
 23850 | D:13     | Killed Zaazir's ghost
 23850 | D:13     | Reached skill level 9 in Earth Magic
 24446 | D:14     | Found a roughly hewn altar of Beogh.
 25355 | D:14     | Reached XP level 14. HP: 121/121 MP: 22/33
 25931 | D:14     | Reached skill level 10 in Earth Magic
 26163 | D:14     | Found a gate to the Vaults.
 26477 | D:14     | Found a gate to the Vaults.
 26558 | D:14     | Found a roughly hewn altar of Beogh.
 26937 | D:15     | Entered Level 15 of the Dungeon
 28207 | D:15     | Reached skill level 1 in Axes
 29119 | D:15     | Found a staircase to the Depths.
 29311 | Orc:1    | Entered Level 1 of the Orcish Mines
 29513 | Orc:1    | Found a transporter.
 29530 | Orc:1    | Noticed Gizeek's ghost (adept DsFi)
 29534 | Orc:1    | Found a transporter.
 30490 | Orc:2    | Entered Level 2 of the Orcish Mines
 30592 | Orc:2    | Found a staircase to the Elven Halls.
 31122 | Orc:2    | Found a runed door.
 31869 | Orc:2    | Found Cupp's Distillery.
 31869 | Orc:2    | Found Ymejo's Food Shop.
 31871 | Orc:2    | Found Coimets's General Store.
 31871 | Orc:2    | Found Xajygg's Book Shop.
 31877 | Orc:2    | Bought a potion of mutation for 88 gold pieces
 31879 | Orc:2    | Bought a scroll of identify for 32 gold pieces
 31879 | Orc:2    | Bought a potion of heal wounds for 80 gold pieces
 31880 | Orc:2    | Bought a book of Power for 495 gold pieces
 31887 | Orc:2    | Learned a level 6 spell: Iron Shot
 32449 | Orc:2    | Found a roughly hewn altar of Beogh.
 32511 | Orc:2    | Bought a book of the Sky for 715 gold pieces
 32516 | Orc:2    | Learned a level 4 spell: Summon Lightning Spire
 32588 | Elf:1    | Entered Level 1 of the Elven Halls
 32614 | Elf:1    | Reached skill level 1 in Air Magic
 32815 | Elf:1    | Noticed a deep elf elementalist
 32820 | Elf:1    | Killed a deep elf elementalist
 32938 | Elf:1    | Identified Ocwets's Collected Works on Stolen Souls
 33242 | Elf:1    | Reached skill level 5 in Conjurations
 33428 | Elf:1    | Reached XP level 15. HP: 129/129 MP: 24/36
 34118 | Elf:1    | Found Hasatuud's Jewellery Shoppe.
 34119 | Elf:1    | Found Igestue's Gadget Boutique.
 34120 | Elf:1    | Found Ralul's Jewellery Shoppe.
 34793 | Swamp:1  | Entered Level 1 of the Swamp
 35502 | Swamp:1  | Noticed a thorn hunter
 35884 | Swamp:1  | Killed a thorn hunter
 38732 | Swamp:3  | Reached skill level 1 in Armour
 39134 | Swamp:3  | Noticed a thorn hunter
 39296 | Swamp:3  | Killed a thorn hunter
 40634 | Swamp:3  | Reached skill level 5 in Air Magic
 40944 | Swamp:3  | Upgraded the game from 0.23-a0-619-g281719c6f9 to
                  | 0.23-a0-622-g59b4ea9c50
 40944 | Swamp:3  | Upgraded the game from 0.23-a0-622-g59b4ea9c50 to
                  | 0.23-a0-629-gae4348f6cf
 40948 | Swamp:3  | Learned a level 1 spell: Animate Skeleton
 40950 | Swamp:4  | Entered Level 4 of the Swamp
 41101 | Swamp:3  | Reached skill level 1 in Necromancy
 42766 | Swamp:4  | Noticed the 27-headed Lernaean hydra
 42771 | Swamp:4  | Killed the 27-headed Lernaean hydra
 42791 | Swamp:4  | Got a decaying rune of Zot
 43241 | Spider:1 | Entered Level 1 of the Spider Nest
 43499 | Spider:1 | Reached XP level 16. HP: 137/137 MP: 23/37
 43815 | Orc:2    | Bought a potion of experience for 550 gold pieces
 43815 | Orc:2    | Reached skill level 10 in Conjurations
 43815 | Orc:2    | Reached XP level 17. HP: 144/144 MP: 38/38
 44549 | Spider:1 | Noticed Louise
 44595 | Spider:1 | Killed Louise
 46239 | Spider:2 | Identified the +10 great sword of Fury {speed, MR+}
 46630 | Spider:2 | Noticed Arachne
 46697 | Spider:2 | Killed Arachne
 46697 | Spider:2 | Reached skill level 5 in Armour
 46959 | Spider:3 | Noticed Asterion
 46968 | Spider:3 | Killed Asterion
 49051 | Spider:4 | Entered Level 4 of the Spider Nest
 49907 | Spider:4 | Reached skill level 10 in Summonings
 52174 | Spider:4 | Got a gossamer rune of Zot
 53358 | Elf:1    | Found Ralul's Jewellery Shoppe.
 53360 | Elf:1    | Found Igestue's Gadget Boutique.
 53976 | Elf:1    | HP: 4/144 [deep elf knight/+0 scimitar (11)]
 54529 | Elf:2    | Found a runed gate.
 54529 | Elf:2    | Found a runed gate.
 54530 | Elf:2    | Found a runed gate.
 56052 | Elf:2    | Noticed Agnes
 56068 | Elf:2    | Killed Agnes
 56841 | Vaults:1 | Entered Level 1 of the Vaults
 56937 | Vaults:1 | Reached XP level 18. HP: 93/151 MP: 1/39
 57502 | Vaults:1 | Learned a level 7 spell: Orb of Destruction
 57517 | Vaults:1 | Learned a level 7 spell: Spellforged Servitor
 58677 | Vaults:1 | Found a portal to a secret trove of treasure.
 60065 | Vaults:1 | Learned a level 4 spell: Animate Dead
 60303 | Vaults:1 | You paid a toll of a +5 demon blade to enter a treasure
                  | trove
 60304 | Trove    | Entered a treasure trove
 60329 | Trove    | Got a scorched amber ring
 60331 | Trove    | Got a fine glass ring
 60338 | Trove    | Identified the ring of Keciwaif {rElec rPois Int+3 Slay+4}
                  | (You found it in a treasure trove)
 60340 | Trove    | Identified the ring of Mutaucwar {rPois rF+ rN+ MR+ Int-3}
                  | (You found it in a treasure trove)
 60423 | Vaults:2 | Noticed a tentacled monstrosity
 60713 | Vaults:2 | Found Gady's Magic Scroll Boutique.
 61410 | Vaults:2 | Killed a tentacled monstrosity
 62893 | Vaults:3 | Noticed Boris
 63003 | Vaults:3 | Killed Boris
 63565 | Vaults:3 | Noticed Mara
 63568 | Vaults:3 | Noticed Napalmbreeze's illusion
 63570 | Vaults:3 | Killed Mara
 63643 | Vaults:3 | Found a staircase to the Crypt.
 63711 | Vaults:3 | Identified the +6 great sword of Bodily Harmony {slice,
                  | rElec rC+ rN+ Int+4}
 63850 | Vaults:3 | Identified the +9 arbalest of the Globe {speed, Str+2}
 64396 | Vaults:3 | Noticed Frederick
 64405 | Vaults:3 | Killed Frederick
 64405 | Vaults:3 | Reached XP level 19. HP: 130/160 MP: 11/41
 64556 | Vaults:3 | Noticed Margery
 64564 | Vaults:3 | Killed Margery
 67623 | Vaults:4 | Found Liorphir's Distillery.
 67631 | Vaults:4 | Bought a potion of heal wounds for 100 gold pieces
 67631 | Vaults:4 | Bought a potion of heal wounds for 100 gold pieces
 68123 | Vaults:5 | Entered Level 5 of the Vaults
 69220 | Vaults:4 | Found Liorphir's Distillery.
 71554 | Vaults:4 | Reached XP level 20. HP: 102/176 MP: 0/44
 72621 | Vaults:5 | Noticed a golden dragon
 72664 | Vaults:5 | Killed a golden dragon
 72692 | Vaults:5 | Reached skill level 15 in Spellcasting
 72925 | Vaults:5 | Reached skill level 15 in Fighting
 73084 | Vaults:5 | Identified the amulet "Tiraul" {Faith rF++ rN+ Int-5
                  | Slay+2}
 73093 | Vaults:5 | Identified the amulet "Geebab" {+Blink MR+ Regen+ Str-2}
 73132 | Vaults:5 | Identified the cursed ring "Zifun" {rPois rC+++ AC-5 Int-2
                  | Dex+2}
 73298 | Vaults:5 | Identified the +0 scale mail of Lagubaru {rPois rN+ MR-
                  | Dex+7}
 73327 | Vaults:5 | Identified the Grimoire of Confrontation
 73334 | Vaults:5 | Identified the Handbook of Execration and Ice
 73364 | Vaults:5 | Got a silver rune of Zot
 73620 | Vaults:5 | Found Huaclux's Book Boutique.
 73627 | Vaults:5 | Bought Sif Muna's Almanac of Companions for 1674 gold
                  | pieces
 73639 | Vaults:5 | Learned a level 5 spell: Summon Mana Viper
 75000 | Elf:2    | Reached skill level 11 in Earth Magic
 75469 | Elf:3    | Entered Level 3 of the Elven Halls
 75469 | Elf:3    | Found Zekhaib's Antique Armour Shoppe.
 75469 | Elf:3    | Found Ejaisu Wesi's Weapon Emporium.
 75493 | Elf:3    | Bought a pair of dazzling boots for 247 gold pieces
 75498 | Elf:3    | Identified the +0 pair of boots "Asyhir" {rF+ Int+4} (You
                  | bought it in a shop on level 3 of the Elven Halls)
 76134 | Elf:3    | Got a dazzling chain mail
 76145 | Elf:3    | Identified the +3 chain mail "Zagogib" {rElec Regen+ Int-3
                  | SInv} (You found it on level 3 of the Elven Halls)
 76428 | Elf:3    | Reached skill level 10 in Dodging
 76495 | Elf:3    | Identified the +6 battleaxe "Pegiat" {freeze, *Slow rN+++
                  | MP+9 Int+6}
 76855 | Elf:3    | Identified the ring of Polytheism {Fire MP+9 Str+2 Int+2
                  | Dex+4}
 77140 | Elf:3    | Identified The Second Course in Spellweaving
 77144 | Elf:3    | Identified An Introduction to Witchery
 77537 | Depths:1 | Entered Level 1 of the Depths
 77583 | Depths:1 | Reached skill level 12 in Earth Magic
 78005 | Depths:1 | Found a gateway to Hell.
 78607 | Depths:1 | Got a dazzling cloak
 78618 | Depths:1 | Identified the +0 cloak of Elitism {SInv} (You found it on
                  | level 1 of the Depths)
 79266 | Orc:2    | Bought a book of Clouds for 495 gold pieces
 79274 | Orc:2    | Learned a level 6 spell: Freezing Cloud
 79906 | Depths:2 | You fall through a shaft for 2 floors!
 79907 | Depths:4 | Reached XP level 21. HP: 184/184 MP: 39/46
 79938 | Depths:4 | Noticed a golden dragon
 79940 | Depths:4 | Killed a golden dragon
 80052 | Depths:4 | Noticed a golden dragon
 80064 | Depths:4 | Killed a golden dragon
 80686 | Depths:4 | Found a one-way gate to the infinite horrors of the Abyss.
 80879 | Depths:3 | Reached skill level 13 in Earth Magic
 81156 | Depths:4 | You fall through a shaft!
 81156 | Depths:5 | Entered Level 5 of the Depths
 81311 | Depths:5 | Found a runed gate.
 81311 | Depths:5 | Found a runed gate.
 81500 | Depths:5 | Paralysed by a floating eye for 2 turns
 81506 | Depths:5 | Paralysed by a floating eye for 4 turns
 81511 | Depths:5 | Paralysed by a floating eye for 2 turns
 81630 | Depths:5 | Found a runed gate.
 81890 | Depths:5 | Noticed a caustic shrike
 81890 | Depths:5 | Noticed Wopn's ghost (adept SpEn)
 81946 | Depths:5 | Noticed a golden dragon
 81957 | Depths:5 | Killed a golden dragon
 82342 | Depths:5 | Reached skill level 14 in Earth Magic
 83116 | Depths:4 | Noticed a golden dragon
 83138 | Depths:4 | Killed a golden dragon
 83472 | Depths:3 | Found a one-way gate leading to the halls of Pandemonium.
 83600 | Depths:3 | Reached skill level 15 in Earth Magic
 83816 | Depths:3 | Identified the +8 mace "Ethyxa" {freeze, *Corrode rPois
                  | Str+3 Int+3} (You found it on level 3 of the Depths)
 83865 | Depths:3 | Found Moank's Antique Armour Emporium.
 85037 | Depths:2 | Found a gateway to a ziggurat.
 85146 | Depths:2 | Reached skill level 16 in Earth Magic
 85177 | Depths:2 | Found the +6 shillelagh "Devastator" {shatter}
 85932 | Depths:5 | Killed a caustic shrike
 85934 | Depths:5 | Reached XP level 22. HP: 172/192 MP: 14/47
 85935 | Depths:5 | Killed Wopn's ghost
 85992 | Depths:5 | Got a faintly humming helmet
 86003 | Depths:5 | Identified the +2 helmet of Enkoqodd {SInv} (You found it
                  | on level 5 of the Depths)
 86457 | Depths:5 | Identified a scroll of acquirement
 86459 | Depths:5 | Got a shimmering ring mail
 86470 | Depths:5 | Identified the +1 ring mail of the Game of Life {rC+} (You
                  | acquired it on level 5 of the Depths)
 86549 | Depths:5 | Found a gate to the Realm of Zot.
 87021 | Slime:1  | Entered Level 1 of the Pits of Slime
 89355 | Slime:3  | Reached skill level 10 in Evocations
 90376 | Slime:4  | Noticed Dissolution
 90383 | Slime:4  | Paralysed by a floating eye for 2 turns
 90392 | Slime:4  | Killed Dissolution
 91138 | Slime:5  | Entered Level 5 of the Pits of Slime
 91325 | Slime:5  | Reached skill level 17 in Earth Magic
 91826 | Slime:5  | Noticed the Royal Jelly
 92776 | Slime:5  | Found a viscous altar of Jiyva.
 96261 | Slime:5  | Mangled by an acid blob

Vault maps used:
D:1:      lightli_arrival_chessboard
D:2:      serial_forest, infiniplex_forest_clump_double,
          infiniplex_forest_end_1, infiniplex_forest_diagonal,
          infiniplex_forest_straight_3, infiniplex_forest_clump_curved,
          infiniplex_forest_lined_1
D:3:      cheibrodos_helix_gallery, lemuel_altar_in_water
D:4:      uniq_duvessa, uniq_eustachio
D:5:      nicolae_ossuary_entry_giza, first_ration, fedhas_altar_3
D:6:      kiku_gazebo_garden_becter, minmay_temple_entry_ruins, serial_shops,
          shop
D:7:      nicolae_overflow_quartered_altars, basic_altar
D:8:      overflow_temple_1_default, xom_shifter_show, serial_shops,
          shop_fountains, uniq_harold
D:9:      lair_entry_dummy
D:10:     orc_0_dummy, grunt_livestock, uniq_josephine
D:12:     minmay_distorted_concentric_squares, hangedman_decor_diamond_cutter,
          spider_trap
D:13:     ebering_ghost_inner_flame, uniq_maurice, uniq_erolcha, uniq_nessos
D:14:     erik_vaults_2, serial_bayou, serial_bayou_shore_b,
          serial_bayou_ford_a, serial_bayou_pond_b, serial_bayou_shore_b,
          hangedman_abyss_or_decor_clamps, hangedman_weighted_door
D:15:     grunt_enter_depths_magical_seal, minmay_misc_feat_iff
Lair:1:   nicolae_lair_grove_arrangements, grunt_megastairs_3
Lair:2:   spider_nest_entry_a, grunt_megastairs_4, lemuel_fruit_fields
Lair:4:   minmay_swamp_entry_worms, cheibrodos_lair_caveside_slide,
          grunt_megastairs_1, uniq_sonja
Lair:5:   pond_and_an_island_with_a_cottage, infiniplex_staircase_pool_2
Lair:6:   minmay_lair_end_enchanted_forest, minmay_slime_entry_oklob_enclosed
Swamp:1:  hangedman_swamp_diagram, swamp_pool5
Swamp:2:  evilmike_swamp_ruin_house_6, cheibrodos_swamp_slimy
Swamp:3:  evilmike_swamp_ruin_house_1, swamp_pool4
Swamp:4:  grunt_swamp_rune_castle, swamp_pool1
Spider:1: uniq_louise
Spider:2: uniq_arachne
Spider:3: nicolae_spider_cling_halls, uniq_asterion
Spider:4: grunt_spider_rune_parallel
Slime:1:  cheibrodos_slime_lost_civilization_3
Slime:4:  nicolae_slime_barrier, uniq_dissolution
Orc:1:    gammafunk_ghost_arena
Orc:2:    grunt_orc_tribal_feast, lightli_church_of_beogh
Elf:1:    eino_elf_arrival_the_gate, minmay_elf_necromancy, minmay_shop_grove
Elf:2:    uniq_agnes
Elf:3:    minmay_elf_hall_curves, serial_shops, shop, nicolae_shop_statue_plus,
          st_stairs_8
Vaults:1: vaults_mumra_minichess_inversion, ontoclasm_vaults_loading_screen,
          v_pattern_2, vaults_standard_mumra_x, vaults_room_door_ring,
          hangedman_vaults_hat, vaults_room_grunt_arrival_ludios, st_diamondy,
          grunt_vaults_hallway_short, nicolae_vaults_little_squares_5,
          v_rooms_2, nicolae_vaults_rhombus_5, vaults_dpeg_encased_lava,
          vaults_dpeg_cross, enter_trove_0
Vaults:2: vaults_dpeg_diagonal, nicolae_vaults_minivaults,
          ontoclasm_vaults_loading_screen, v_misc_12,
          nicolae_vaults_twisting_passages, v_misc_22, hangedman_vaults_maws,
          nicolae_vaults_yaktaur_gun_rack, nicolae_vaults_little_squares_3,
          serial_shops, shop_coins
Vaults:3: minmay_crypt_entry_nasty_monster, v_misc_14,
          nicolae_vaults_quartermaster, vaults_dpeg_hooks, v_rooms_6,
          vaults_room_octagon, uniq_frederick, uniq_mara, uniq_margery,
          uniq_boris
Vaults:4: vaults_room_pools, v_rooms_5, v_misc_12, grunt_vaults_swirl,
          vaults_mumra_chevron, v_misc_33, hangedman_vaults_capsules,
          nicolae_vaults_hallways_thing, v_alt_pattern_4,
          hangedman_vaults_unwind, ontoclasm_vaults_misaligned,
          ontoclasm_vaults_bender, v_misc_24, serial_shops, shop
Depths:1: grunt_hell_entry_demonic_statue, serial_sigils_hangedman_writhe,
          chequers_serial_rivers_marsh, hangedman_decor_growths,
          chequers_serial_rivers_micro_b, hangedman_abyss_or_decor_lesser_grid,
          lemuel_flames_and_gold
Depths:2: minmay_roctagon, enter_ziggurat_b, corexii_leaking_fountain,
          hell_entry, infiniplex_staircase_door_maze, serial_bayou_shore_b,
          serial_bayou_shore_b, serial_bayou_shore_a
Depths:3: minmay_outward_triangles, serial_shops, shop_fountains, hell_entry,
          pan_entry, hangedman_decor_lopped
Depths:4: cell_vault, abyss_entry, serial_sigils_hangedman_confine, hell_entry,
          chequers_serial_rivers_large_b
Depths:5: evilmike_zot_entry_diamond, pan_entry, gammafunk_ghost_split,
          hell_entry, minmay_misc_feat_rows, grunt_decor_one_mirror,
          serial_bayou_pond_d, small_chamber_with_monster
Trove:    trove_simple
Ossuary:  ossuary_zaba_flooded

Skill      XL: |  1  2  3  4  5  6  7  8  9 10 11 12 13 14 15 16 17 18 19 20 21 22 |
---------------+-------------------------------------------------------------------+-----
Earth Magic    | 3 4 5 8 9 10 12 16 17 | 17.5
Spellcasting   | 2 3 4 5 7 9 10 12 14 15 | 15.0
Conjurations   | 2 3 4 5 9 10 13 14 | 14.0
Dodging        | 3 5 6 8 11 12 | 12.0
Fighting       | 2 5 7 10 11 14 15 | 15.0
Summonings     | 6 9 11 14 | 14.0
Ice Magic      | 6 |  6.0
Evocations     | 3 8 10 | 10.4
Shields        | 4 |  4.5
Axes           | 4 |  4.8
Air Magic      | 2 5 |  5.0
Armour         | 4 5 |  5.0
Necromancy     | 1 4 |  4.5
Stealth        | |  1.7
Transmutations | |  0.8

Action                   |  1- 3 |  4- 6 |  7- 9 | 10-12 | 13-15 | 16-18 | 19-21 | 22-24 || total
-------------------------+-------+-------+-------+-------+-------+-------+-------+-------++-------
Melee: Short sword       |    10 |       |       |       |       |       |       |       ||    10
       Dagger            |     8 |     1 |     2 |       |       |       |       |       ||    11
       War axe           |       |       |    17 |    86 |   456 |   441 |   121 |    61 ||  1182
       Staff             |       |       |       |       |       |     1 |    32 |     2 ||    35
 Fire: Blowgun           |       |       |       |     4 |       |       |       |       ||     4
Throw: Stone             |     3 |     6 |       |       |       |       |     1 |       ||    10
       Javelin           |       |     6 |    20 |    20 |     2 |       |       |       ||    48
 Cast: Sandblast         |    47 |    48 |   127 |    60 |   190 |   151 |    59 |    51 ||   733
       Stone Arrow       |     2 |    26 |    93 |   142 |   220 |   120 |       |       ||   603
       Lee's Rapid Decon |       |       |       |    85 |    73 |    33 |   100 |     6 ||   297
       Summon Ice Beast  |       |       |       |   150 |   393 |   231 |    19 |       ||   793
       Iron Shot         |       |       |       |       |    26 |    25 |   158 |    64 ||   273
       Summon Lightning  |       |       |       |       |    79 |   110 |    56 |     6 ||   251
       Animate Skeleton  |       |       |       |       |    11 |    30 |       |       ||    41
       Spellforged Servi |       |       |       |       |       |    44 |   123 |    38 ||   205
       Animate Dead      |       |       |       |       |       |    25 |    70 |     1 ||    96
       Orb of Destructio |       |       |       |       |       |     3 |    19 |    37 ||    59
       Summon Mana Viper |       |       |       |       |       |       |    64 |    29 ||    93
       Freezing Cloud    |       |       |       |       |       |       |    19 |    38 ||    57
Evoke: Wand              |       |       |     6 |     5 |    67 |    28 |    10 |    12 ||   128
       Phantom mirror    |       |       |       |       |     2 |       |       |     3 ||     5
       Lamp of fire      |       |       |       |       |       |     1 |       |     1 ||     2
       Sack of spiders   |       |       |       |       |       |       |     1 |    12 ||    13
  Use: Scroll            |       |     5 |     7 |    11 |    14 |    11 |     9 |    22 ||    79
       Potion            |       |       |       |     3 |    12 |    14 |     9 |     9 ||    47
 Stab: Sleeping          |       |       |     2 |     1 |     5 |     1 |       |       ||     9
       Distracted        |       |       |       |     1 |    11 |    19 |     4 |     3 ||    38
       Paralysed         |       |       |       |       |     9 |       |       |       ||     9
  Eat: Chunk             |     2 |     9 |    11 |    31 |    47 |    37 |    51 |       ||   188
       Ration            |       |       |     1 |     5 |    11 |    13 |    13 |    13 ||    56
Armor: Robe              |    15 |     3 |     4 |    41 |   105 |    35 |    69 |    48 ||   320
       Swamp dragon scal |       |       |       |       |    42 |   233 |       |       ||   275
       Skin              |       |       |       |       |     4 |     3 |       |       ||     7
Dodge: Dodged            |    48 |    16 |    58 |   158 |   588 |   567 |   259 |   195 ||  1889
Block: Other             |       |       |       |    40 |     5 |       |       |       ||    45
       Reflection        |       |       |       |     1 |    31 |    27 |    30 |     4 ||    93
       Buckler           |       |       |       |       |   367 |   459 |   186 |   183 ||  1195

Table legend:
 A = Non-vault XP
 B = Vault XP
 C = Vault XP percentage of total XP
 D = Non-vault monster count
 E = Vault monster count
 F = Vault count percentage of total count
                 A         B        C        D         E       F
            +---------+---------+-------+---------+---------+-------
      Total |  465957 |  388131 |  45.4 |    1530 |     729 |  32.3
            +---------+---------+-------+---------+---------+-------
        D:1 |      39 |       0 |   0.0 |      23 |       0 |   0.0
        D:2 |     101 |       0 |   0.0 |      24 |       0 |   0.0
        D:3 |      75 |       3 |   3.8 |      14 |       2 |  12.5
        D:4 |     297 |     404 |  57.6 |      13 |       3 |  18.8
        D:5 |     425 |      20 |   4.5 |      18 |       3 |  14.3
        D:6 |     757 |       0 |   0.0 |      17 |       0 |   0.0
        D:7 |    1503 |     955 |  38.9 |      26 |       1 |   3.7
        D:8 |    3229 |       0 |   0.0 |      21 |       0 |   0.0
        D:9 |    5696 |       0 |   0.0 |      30 |       0 |   0.0
       D:10 |    3137 |    2897 |  48.0 |      42 |      10 |  19.2
       D:11 |    5135 |       0 |   0.0 |      44 |       0 |   0.0
       D:12 |    3967 |    1358 |  25.5 |      41 |       6 |  12.8
       D:13 |    8207 |    2708 |  24.8 |      49 |       5 |   9.3
       D:14 |    6186 |    9783 |  61.3 |      26 |      37 |  58.7
       D:15 |   13878 |    3640 |  20.8 |      41 |       8 |  16.3
     Lair:1 |    2939 |     944 |  24.3 |      14 |       5 |  26.3
     Lair:2 |    1287 |    1976 |  60.6 |      11 |       8 |  42.1
     Lair:3 |    3128 |       0 |   0.0 |      17 |       0 |   0.0
     Lair:4 |    2829 |    1454 |  33.9 |      18 |       3 |  14.3
     Lair:5 |    1838 |     853 |  31.7 |      16 |       7 |  30.4
     Lair:6 |    4521 |    6621 |  59.4 |      18 |      46 |  71.9
    Swamp:1 |   11098 |     244 |   2.2 |      45 |       3 |   6.2
    Swamp:2 |    3352 |     776 |  18.8 |      18 |       3 |  14.3
    Swamp:3 |   14945 |     262 |   1.7 |      56 |       2 |   3.4
    Swamp:4 |    8477 |   12228 |  59.1 |      24 |      32 |  57.1
   Spider:1 |    6730 |     913 |  11.9 |      33 |       1 |   2.9
   Spider:2 |   11085 |    2741 |  19.8 |      46 |       1 |   2.1
   Spider:3 |    8331 |    3427 |  29.1 |      25 |       2 |   7.4
   Spider:4 |    5610 |   18490 |  76.7 |      24 |      55 |  69.6
    Slime:1 |   14015 |       0 |   0.0 |      35 |       0 |   0.0
    Slime:2 |    8977 |       0 |   0.0 |      29 |       0 |   0.0
    Slime:3 |   10076 |       0 |   0.0 |      20 |       0 |   0.0
    Slime:4 |   12385 |    5560 |  31.0 |      27 |       1 |   3.6
    Slime:5 |   14600 |   14447 |  49.7 |      29 |      13 |  31.0
      Orc:1 |    2980 |     462 |  13.4 |      33 |       1 |   2.9
      Orc:2 |    1818 |    7641 |  80.8 |      28 |      42 |  60.0
      Elf:1 |   13651 |    3032 |  18.2 |      22 |       9 |  29.0
      Elf:2 |   19369 |   16320 |  45.7 |      35 |      27 |  43.5
      Elf:3 |    6831 |   25519 |  78.9 |      17 |      30 |  63.8
   Vaults:1 |   13296 |   27311 |  67.3 |      26 |      55 |  67.9
   Vaults:2 |   16211 |   16155 |  49.9 |      46 |      32 |  41.0
   Vaults:3 |   18055 |   28301 |  61.1 |      57 |      36 |  38.7
   Vaults:4 |   42276 |   32710 |  43.6 |      91 |      61 |  40.1
   Vaults:5 |   28951 |   66225 |  69.6 |      63 |      63 |  50.0
   Depths:1 |   10425 |    4763 |  31.4 |      20 |      29 |  59.2
   Depths:2 |   24173 |    4142 |  14.6 |      51 |       8 |  13.6
   Depths:3 |   27893 |    6758 |  19.5 |      39 |       6 |  13.3
   Depths:4 |   19290 |   28404 |  59.6 |      37 |      20 |  35.1
   Depths:5 |   21883 |   27013 |  55.2 |      31 |      19 |  38.0
    Ossuary |       0 |     671 | 100.0 |       0 |      34 | 100.0
            +---------+---------+-------+---------+---------+-------
